 Dungeon Crawl Stone Soup version 0.23.2-1-ga50397a (webtiles) character file.

Game seed: 7676230399888639444

235 kae the Changer (level 5, -12/37 HPs)
             Began as a Demonspawn Transmuter on Apr 14, 2019.
             Killed from afar by Ijyb (15 damage)
             ... with a wand of acid (8)
             ... on level 4 of the Dungeon.
             The game lasted 00:03:53 (4871 turns).

kae the Changer (Demonspawn Transmuter)             Turns: 4871, Time: 00:03:53

Health: -12/37     AC:  0    Str: 11    XL:     5   Next: 76%
Magic:  8/8        EV: 12    Int: 14    God:
Gold:   176        SH:  0    Dex: 14    Spells: 5/8 levels left

rFire    . . .     SeeInvis .     - Unarmed
rCold    . . .     Gourm    .   (no shield)
rNeg     . . .     Faith    .   b - +0 robe
rPois    .         Spirit   .   (no helmet)
rElec    .         Reflect  .   (no cloak)
rCorr    .         Harm     .   (no gloves)
MR       .....                  (no boots)
Stlth    +.........             (no amulet)
HPRegen  0.12/turn              (no ring)
MPRegen  0.11/turn              (no ring)

@: corroded, drained
A: yellow scales 1, powered by pain 1
a: no special abilities


You were on level 4 of the Dungeon.
You were hungry.

You visited 1 branch of the dungeon, and saw 4 of its levels.

You collected 176 gold pieces.

Inventory:

Missiles
 a - 5 arrows
Armour
 b - a +0 robe (worn)
Jewellery
 h - an uncursed amulet of harm
Scrolls
 e - a scroll of teleportation
 g - a scroll of identify
Potions
 c - 3 potions of curing
 f - a potion of brilliance
Comestibles
 d - 5 rations


   Skills:
 - Level 1.0(0.3) Fighting
 - Level 1.7(1.0) Dodging
 - Level 2.6(1.9) Unarmed Combat
 - Level 2.0(1.3) Spellcasting
 + Level 5.6(4.8) Transmutations


You had 5 spell levels left.
You knew the following spells:

 Your Spells              Type           Power        Failure   Level  Hunger
a - Beastly Appendage     Tmut           ##....       3%          1    ##.....
b - Sticks to Snakes      Tmut           ##......     5%          2    ###....

Your spell library contained the following spells:

 Spells                   Type           Power        Failure   Level  Hunger
 Spider Form              Tmut/Pois      #.........   28%         3    ####...
 Ice Form                 Ice/Tmut       #.......     67%         4    #####..
 Blade Hands              Tmut           ##........   69%         5    ######.


Dungeon Overview and Level Annotations

Branches:
Dungeon (4/15)
 Temple: D:4-7

Altars:
Makhleb

Annotations:
D:3 1 runed translucent door, Crazy Yiuf
D:4 Ijyb


Innate Abilities, Weirdness & Mutations

You are partially covered in yellow scales. (AC +2)
You sometimes gain a little power by taking damage.


Message History

The goblin closely misses you. The goblin misses you.
Ijyb zaps a wand.
The bolt of acid hits you!!
Ouch! That really hurt!
You focus on the pain.
You feel your power returning. The acid corrodes you!
You are splashed with acid!
* * * LOW HITPOINT WARNING * * *
The bolt of acid hits the goblin!
The goblin is splashed with acid.
The acid corrodes the goblin!
The goblin dies!
You are too injured to fight recklessly!
You are too injured to fight recklessly!
You are too injured to fight recklessly!
You are too injured to fight recklessly!
Your ball python bites Ijyb but does no damage.
Your ball python closely misses Ijyb.
Your ball python misses Ijyb.
Your ball python grabs Ijyb.
Your ball python constricts Ijyb.
Ijyb struggles to escape constriction.
Your ball python bites Ijyb but does no damage.
Your ball python constricts Ijyb.
Ijyb zaps a wand.
The bolt of acid hits you!
You die...

#.......#
############
#.......#
#..........##
#.......#
#.....[.....# ..
#.......#
#...........#
...##.......######
#............
###....#..<..g.gS#
#...........#
.......#########.#
#######......
#.#.#.g8.8.8.8 #.#
#......
#...#....|ggg. #@#
##.##.. ###
#......... #.#
#.#... #...g..gg.
#.###############.
#........$
#.................
#.........
#####.############
#).8.8.8.8
#.......^
#.....(..
#........
#........


You could see Ijyb and a friendly ball python.

Vanquished Creatures
  Natasha (thrice) (D:3)
  Robin (D:2)
  2 adders (D:2)
  An adder skeleton (D:4)
  2 dart slugs (D:2)
  5 leopard geckos
  7 bats
  5 giant cockroaches
  17 goblins
  6 hobgoblins
  8 jackals
  12 kobolds
  A quokka (D:3)
  A ball python (D:2)
  5 frilled lizards
  A quokka skeleton (D:4)
  8 rats
  A fungus (D:3)
86 creatures vanquished.

Vanquished Creatures (collateral kills)
  A hound (D:2)
  2 adders (D:3)
  A leopard gecko (D:2)
  A bat (D:2)
  A goblin (D:2)
  A hobgoblin (D:3)
  A frilled lizard (D:3)
8 creatures vanquished.

Vanquished Creatures (others)
  A goblin (D:4)
1 creature vanquished.

Grand Total: 95 creatures vanquished

Notes
Turn   | Place    | Note
-------+----------+-------------------------------------------
     0 | D:1      | kae the Demonspawn Transmuter began the quest for the Orb.
     0 | D:1      | Reached XP level 1. HP: 15/15 MP: 3/3
   105 | D:1      | Reached skill level 2 in Transmutations
   223 | D:1      | Gained mutation: You are partially covered in yellow
                  | scales. (AC +2) [demonic ancestry]
   223 | D:1      | Reached XP level 2. HP: 7/21 MP: 5/5
   424 | D:1      | Learned a level 2 spell: Sticks to Snakes
  1232 | D:2      | Reached skill level 3 in Transmutations
  1486 | D:2      | Reached XP level 3. HP: 17/26 MP: 4/6
  1682 | D:2      | Noticed Robin
  1696 | D:2      | Killed Robin
  1713 | D:2      | Reached XP level 4. HP: 9/32 MP: 7/7
  1716 | D:2      | Reached skill level 4 in Transmutations
  2689 | D:2      | Found a burning altar of Makhleb.
  3369 | D:3      | Noticed Natasha
  3461 | D:2      | Gained mutation: You sometimes gain a little power by
                  | taking damage. [demonic ancestry]
  3461 | D:2      | Reached XP level 5. HP: 12/37 MP: 8/8
  4096 | D:3      | Reached skill level 5 in Transmutations
  4260 | D:3      | Killed Natasha
  4440 | D:3      | Noticed Natasha
  4449 | D:3      | Killed Natasha
  4528 | D:3      | Noticed Natasha
  4542 | D:3      | Killed Natasha
  4660 | D:3      | Found a runed translucent door.
  4661 | D:3      | Noticed Crazy Yiuf
  4824 | D:4      | Noticed Ijyb
  4871 | D:4      | Killed from afar by Ijyb

Skill      XL: |  1  2  3  4  5 |
---------------+----------------+-----
Transmutations | 2 3 4 5 |  5.6
Fighting       | |  1.0
Dodging        | |  1.7
Unarmed Combat | |  2.6
Spellcasting   | |  2.0

Action                   |  1- 3 |  4- 6 || total
-------------------------+-------+-------++-------
Melee: Unarmed           |   135 |   295 ||   430
       Punch             |     2 |       ||     2
       Headbutt          |     2 |     3 ||     5
       Kick              |     1 |     7 ||     8
 Cast: Beastly Appendage |     8 |    10 ||    18
       Sticks to Snakes  |     2 |    11 ||    13
  Use: Scroll            |     2 |     3 ||     5
       Potion            |     3 |       ||     3
 Stab: Sleeping          |     1 |       ||     1
  Eat: Chunk             |     2 |    12 ||    14
Armor: Robe              |    57 |   111 ||   168
Dodge: Dodged            |    91 |   192 ||   283
